 Dungeon Crawl Stone Soup version 0.19.0-20-gbc5f0c6 (webtiles) character file.

9986 nikopol the Protected (level 11, 0/106 HPs)
             Began as a Gargoyle Berserker on Nov 17, 2016.
             Was a High Priest of Trog.
             Slain by a 16-headed hydra (4 damage)
             ... on level 11 of the Dungeon.
             The game lasted 00:31:28 (10852 turns).

nikopol the Protected (Gargoyle Berserker)         Turns: 10852, Time: 00:31:29

Health: 0/106      AC: 20    Str: 26    XL:     11   Next: 55%
Magic:  0/11       EV: 15    Int:  8    God:    Trog [*****.]
Gold:   528        SH:  0    Dex: 12    Spells: 0 memorised, 10 levels left

rFire  + . .     SeeInvis .     a - +1 hand axe (elec)
rCold  . . .     Gourm    .     k - +0 ring mail {rF+}
rNeg   + . .     Faith    .     (no shield)
rPois  ∞         Spirit   +     (no helmet)
rElec  +         Reflect  .     s - +2 cloak
rCorr  .         Harm     .     (no gloves)
MR     .....                    y - +1 pair of boots
Stlth  ..........               x - amulet of guardian spirit
                                (no ring)
                                G - ring of stealth

@: berserking (expiring), very quick
A: negative energy resistance 1, electricity resistance, unbreathing,
petrification resistance, rot immunity, AC +7
a: Berserk, Trog's Hand, Brothers in Arms, Burn Spellbooks, Renounce Religion


You were on level 11 of the Dungeon.
You worshipped Trog.
Trog was extremely pleased with you.
You were very hungry.

You visited 1 branch of the dungeon, and saw 11 of its levels.
You also visited: Ossuary.

You collected 528 gold pieces.

Inventory:

Hand Weapons
 a - a +1 hand axe of electrocution (weapon)
 z - a +0 shortbow
Missiles
 j - 223 arrows (quivered)
Armour
 k - a +0 ring mail of fire resistance (worn)
 n - a +0 ring mail
 s - a +2 cloak (worn)
 y - a +1 pair of boots (worn)
Jewellery
 b - a cursed ring of loudness {unknown}
 x - an amulet of guardian spirit (around neck)
 G - a ring of stealth (left hand)
Wands
 d - a wand of paralysis (18/24)
Scrolls
 m - 7 scrolls of remove curse
 o - 2 scrolls of identify
 w - 2 scrolls of fog
 B - 3 scrolls of blinking
 O - 2 scrolls of enchant armour
Potions
 e - 3 potions of brilliance
 g - 2 potions of haste
 i - 3 potions of magic
 l - 3 potions of resistance
 p - 3 potions of ambrosia
 q - 6 potions of curing
 r - 2 potions of flight
 A - a potion of heal wounds {unknown}
 C - a potion of might {unknown}
 E - 2 potions of agility
 H - a potion of cancellation {unknown}
 K - 2 potions of mutation {unknown}
 L - a potion of cure mutation {unknown}
 N - a potion of invisibility {unknown}
Comestibles
 c - 2 bread rations
 f - 5 meat rations
 h - 4 fruits
 t - 5 chunks of flesh
 U - 3 beef jerkies


   Skills:
 + Level 9.5 Fighting
 + Level 8.3 Axes
 + Level 5.8 Bows
 + Level 9.8 Armour
 + Level 7.1 Dodging


You had 10 spell levels left.
You didn't know any spells.

Dungeon Overview and Level Annotations

Branches:
Dungeon (11/15)            Temple (0/1) D:7             Orc (0/2) D:9
   Lair: D:8-11

Altars:
Gozag
Makhleb
Trog
Uskayaw
Yredelemnul
Zin

Shops:
D:10 [


Innate Abilities, Weirdness & Mutations

You are resistant to torment.
Your stone body is resilient. (AC +7)
You are immune to poison.
You resist negative energy. (rN+)
You are resistant to electric shocks. (rElec)
You can survive without breathing.
You are immune to petrification.
You are immune to rotting.


Message History

The 15-headed hydra completely misses you.
The 15-headed hydra bites you but does no damage.
A worker ant comes into view.
The worker ant twitches its antennae in your direction.
You slice one of the 15-headed hydra's heads off!
The 14-headed hydra grows two more!
You slash the 16-headed hydra!
There is a sudden explosion of sparks!
The 16-headed hydra is severely wounded.
You barely miss the 16-headed hydra.
The 16-headed hydra is severely wounded.
The 16-headed hydra bites you but does no damage. x2
The 16-headed hydra bites you.
* * * LOW HITPOINT WARNING * * *
The 16-headed hydra bites you.
* * * LOW HITPOINT WARNING * * *
The 16-headed hydra bites you but does no damage. x3
The 16-headed hydra closely misses you. The 16-headed hydra bites you!
* * * LOW HITPOINT WARNING * * *
The 16-headed hydra bites you.
You die... #..########.# #..a..D@....# ...##########

You could see a 16-headed hydra and a worker ant.

Vanquished Creatures
  An unseen horror (D:11)
  2 hill giants
  Psyche (D:8)
  A hornet (D:10)
  2 trolls
  3 hippogriffs
  Sigmund (D:2)
  A wyvern (D:8)
  Eustachio (D:6)
  4 yaks
  Menkaure (D:4)
  A hungry ghost (D:7)
  Duvessa (D:6)
  An orc warrior (D:6)
  3 sky beasts
  2 phantoms
  5 ogres
  3 black bears
  10 centaurs
  5 bullfrogs
  Dowan (D:6)
  A scorpion (D:5)
  A water moccasin skeleton (D:4)
  12 killer bees
  7 wights
  3 howler monkeys (D:10)
  A centaur zombie (Ossuary)
  3 crimson imps
  2 quasits
  7 hounds
  A bullfrog skeleton (D:8)
  5 orc priests
  Crazy Yiuf (D:2)
  A jelly (D:7)
  2 human zombies (Ossuary)
  Jessica (D:3)
  Terence (D:3)
  7 orc wizards
  7 worker ants
  2 big kobold zombies (Ossuary)
  2 hound zombies
  6 mummies
  A hound skeleton (D:6)
  3 gnolls (D:6)
  8 adders
  2 shadow imps
  4 adder skeletons
  3 worms
  9 dart slugs (D:3)
  5 leopard geckos
  29 orcs
  A ball python (D:1)
  11 giant cockroaches
  2 gnoll zombies (D:5)
  4 hobgoblins
  5 jackals
  6 kobolds
  A quokka (D:9)
  7 bats
  6 frilled lizards
  6 goblins
  A hobgoblin zombie (Ossuary)
  A kobold zombie (Ossuary)
  An orc zombie (Ossuary)
  5 rats
  A plant (D:5)
245 creatures vanquished.

Vanquished Creatures (collateral kills)
  Harold (D:10)
  A wraith (D:10)
  An orc warrior (D:10)
  An orc priest (D:10)
  An orc (D:10)
5 creatures vanquished.

Vanquished Creatures (others)
  A gnoll (D:6)
  2 dart slugs (D:3)
3 creatures vanquished.

Grand Total: 253 creatures vanquished

Notes
Turn   | Place    | Note
-------+----------+-------------------------------------------
     0 | D:1      | nikopol the Gargoyle Berserker began the quest for the Orb.
     0 | D:1      | Reached XP level 1. HP: 14/14 MP: 1/1
   179 | D:1      | Reached XP level 2. HP: 16/19 MP: 2/2
   453 | D:2      | Reached XP level 3. HP: 22/23 MP: 3/3
   488 | D:2      | Reached ** piety under Trog
  1124 | D:2      | Noticed Sigmund
  1131 | D:2      | Killed Sigmund
  1131 | D:2      | Reached XP level 4. HP: 30/30 MP: 4/4
  1131 | D:2      | Reached XP level 5. HP: 34/34 MP: 5/5
  1328 | D:2      | Found a runed door.
  1672 | D:2      | Noticed Crazy Yiuf
  1686 | D:2      | Paralysed by Crazy Yiuf for 2 turns
  1688 | D:2      | Killed Crazy Yiuf
  1688 | D:2      | Reached XP level 6. HP: 21/39 MP: 6/6
  2157 | D:3      | Noticed Terence
  2167 | D:3      | Killed Terence
  2244 | D:3      | You fall through a shaft!
  2436 | D:3      | Noticed Jessica
  2442 | D:3      | Killed Jessica
  2612 | D:3      | Reached *** piety under Trog
  2934 | D:4      | Reached XP level 7. HP: 44/44 MP: 7/7
  3085 | D:4      | Noticed Menkaure
  3092 | D:4      | Killed Menkaure
  3092 | D:4      | Reached skill level 5 in Fighting
  3364 | D:4      | Reached skill level 5 in Armour
  3951 | D:5      | Entered Level 5 of the Dungeon
  4075 | D:5      | Reached XP level 8. HP: 43/51 MP: 4/8
  4178 | D:5      | Reached skill level 5 in Axes
  4735 | D:5      | Found a basalt altar of Yredelemnul.
  5449 | D:6      | Noticed Eustachio
  5476 | D:6      | Killed Eustachio
  5517 | D:6      | Noticed Dowan
  5522 | D:6      | Noticed Duvessa
  5538 | D:6      | Killed Duvessa
  5538 | D:6      | Reached XP level 9. HP: 54/56 MP: 7/9
  5553 | D:6      | Killed Dowan
  5611 | D:6      | Reached **** piety under Trog
  5630 | D:6      | Reached skill level 5 in Dodging
  6151 | D:6      | Found a sand-covered staircase.
  6164 | Ossuary  | Entered an ossuary
  6196 | Ossuary  | Reached skill level 1 in Bows
  7555 | D:7      | Found a glowing silver altar of Zin.
  7714 | D:7      | Found a staircase to the Ecumenical Temple.
  7714 | D:7      | Found a bloodstained altar of Trog.
  7714 | D:7      | Found a burning altar of Makhleb.
  7860 | D:7      | Reached XP level 10. HP: 60/64 MP: 8/10
  8075 | D:8      | Noticed Psyche
  8084 | D:8      | Killed Psyche
  8521 | D:8      | Reached ***** piety under Trog
  8913 | D:9      | Found an opulent altar of Gozag.
  9230 | D:9      | Found a staircase to the Orcish Mines.
  9289 | D:9      | Reached XP level 11. HP: 69/69 MP: 11/11
  9647 | D:10     | Entered Level 10 of the Dungeon
  9722 | D:10     | Found a hide-covered altar of Uskayaw.
  9753 | D:10     | Reached skill level 5 in Bows
  9768 | D:10     | Found Haenemih's Armour Boutique.
  9822 | D:10     | Noticed Harold
  9867 | D:10     | Killed Harold
 10181 | D:10     | Noticed a hill giant
 10190 | D:10     | Killed a hill giant
 10659 | D:10     | Received a gift from Trog
 10823 | D:11     | Noticed a hill giant
 10826 | D:11     | Noticed a six-headed hydra
 10832 | D:11     | Killed a hill giant
 10838 | D:11     | Killed an unseen horror
 10852 | D:11     | HP: 4/106 [16-headed hydra (10)]
 10852 | D:11     | Slain by a 16-headed hydra

Skill      XL: |  1  2  3  4  5  6  7  8  9 10 11 |
---------------+----------------------------------+-----
Axes           | 3 4 5 6 7 8 |  8.3
Armour         | 4 5 6 7 9 |  9.8
Fighting       | 4 5 6 7 8 9 |  9.5
Dodging        | 2 3 4 5 6 7 |  7.1
Bows           | 2 4 5 |  5.8

Action                   |  1- 3 |  4- 6 |  7- 9 | 10-12 || total
-------------------------+-------+-------+-------+-------++-------
Melee: Hand axe          |   120 |   169 |    35 |   147 ||   471
       War axe           |       |       |   443 |    70 ||   513
 Fire: Shortbow          |       |       |    70 |   227 ||   297
Invok: Berserk           |     1 |     2 |     8 |     3 ||    14
       Brothers in Arms  |       |       |       |     1 ||     1
  Use: Scroll            |       |       |    10 |    14 ||    24
 Stab: Sleeping          |       |       |     1 |       ||     1
       Petrifying        |       |       |       |     1 ||     1
  Eat: Chunk             |     1 |     8 |    21 |    11 ||    41
       Pizza             |       |       |     2 |       ||     2
       Meat ration       |       |       |     1 |       ||     1
       Fruit             |       |       |     1 |       ||     1
Armor: Animal skin       |    42 |       |       |       ||    42
       Ring mail         |     5 |    84 |   271 |   218 ||   578
       Skin              |       |       |       |     4 ||     4
Dodge: Dodged            |   111 |   116 |   314 |   250 ||   791
